 Dungeon Crawl Stone Soup version 0.24-b1-44-g37ad8b309f (webtiles) character file.

Game seed: 16939803589057092616, levelgen mode: deterministic

2391 Curus the Cleaver (level 9, 0/61 HPs)
             Began as a Minotaur Gladiator on Oct 23, 2019.
             Was a Follower of Makhleb.
             Slain by an unseen horror (4 damage)
             ... on level 8 of the Dungeon.
             The game lasted 00:28:47 (7078 turns).

Curus the Cleaver (Minotaur Gladiator)              Turns: 7078, Time: 00:28:47

Health: 0/61       AC: 14    Str: 20    XL:     9   Next: 22%
Magic:  0/8        EV:  6    Int:  7    God:    Makhleb [*.....]
Gold:   510        SH:  3    Dex: 12    Spells: 8/8 levels left

rFire    . . .     SeeInvis .   a - +2 war axe
rCold    . . .     Gourm    .   k - +0 buckler
rNeg     . . .     Faith    .   e - +1 plate armour
rPois    +         Spirit   +   c - +0 hat
rElec    .         Reflect  .   p - +0 cloak
rCorr    .         Harm     .   r - +0 pair of gloves
MR       .....     Clarity  +   C - +0 pair of boots
Stlth    ..........             o - amulet of guardian spirit
HPRegen  0.20/turn              m - ring of poison resistance
MPRegen  0.11/turn              (no ring)

@: studying Fire Magic
A: retaliatory headbutt, horns 2, clarity, frail 1
a: Renounce Religion


You were on level 8 of the Dungeon.
You worshipped Makhleb.
Makhleb was aware of your devotion.
You were not hungry.

You visited 1 branch of the dungeon, and saw 8 of its levels.
You also visited: Sewer and Ossuary.

You collected 510 gold pieces.

Inventory:

Hand Weapons
 a - a +2 war axe (weapon)
Missiles
 d - 3 throwing nets (quivered)
Armour
 b - a +0 leather armour
 c - a +0 hat (worn)
 e - a +1 plate armour (worn)
 k - a +0 buckler (worn)
 p - a +0 cloak (worn)
 r - a +0 pair of gloves (worn)
 C - a +0 pair of boots (worn)
Jewellery
 m - a ring of poison resistance (left hand)
 o - an amulet of guardian spirit (around neck)
Wands
 j - a wand of iceblast (5)
 l - a wand of acid (16)
 n - a wand of paralysis (7)
Scrolls
 h - a scroll of amnesia
 i - 5 scrolls of identify
 s - a scroll of teleportation
 t - 3 scrolls of magic mapping
 w - 2 scrolls of blinking
 A - a scroll of remove curse
Potions
 g - 2 potions of magic
 q - 5 potions of curing
 u - 2 potions of degeneration
 v - a potion of heal wounds
 x - a potion of might
 z - a potion of haste
 B - a potion of brilliance
Books
 y - a manual of Fire Magic
Comestibles
 f - 10 rations


   Skills:
 - Level 2.4 Fighting
 + Level 14.4 Axes
 - Level 2.0 Throwing
 - Level 3.2 Dodging


You had 8 spell levels left.
You didn't know any spells.
Your spell library contained the following spells:

 Spells                   Type           Power        Failure   Level  Hunger
 Animate Skeleton         Necr           N/A          100%        1    ##.....
 Pain                     Necr           #...         100%        1    ##.....
 Shock                    Conj/Air       #...         100%        1    ##.....
 Swiftness                Chrm/Air       #.......     100%        2    ###....
 Regeneration             Chrm/Necr      #.........   100%        3    ####...
 Static Discharge         Conj/Air       #.......     100%        3    ####...
 Vampiric Draining        Necr           #.........   100%        3    ####...
 Airstrike                Air            #.........   100%        4    #####..
 Animate Dead             Necr           N/A          100%        4    #####..
 Lightning Bolt           Conj/Air       #.........   100%        5    ######.


Dungeon Overview and Level Annotations

Branches:
Dungeon (8/15)             Temple (0/1) D:7           Sewer (visited)
Ossuary (visited)
   Lair: D:8-11

Altars:
Ashenzari
Dithmenos
Elyvilon
Fedhas
Gozag
Makhleb
Nemelex Xobeh
Okawaru
Qazlal
Vehumet
Xom
Yredelemnul
The Shining One

Shops:
D:5 (


Innate Abilities, Weirdness & Mutations

You reflexively headbutt those who attack you in melee.
You have a pair of horns on your head.
You possess an exceptional clarity of mind.
You are frail. (-10% HP)


Message History

The orc warrior is almost dead.
You hit something. You block something's attack.
Your plate armour prevents you from hitting the orc warrior.
The orc warrior is almost dead.
Something hits you but does no damage.
The orc warrior hits you with a +0 glaive!
* * * LOW HITPOINT WARNING * * *
You hit the orc warrior but do no damage.
The orc warrior is almost dead.
You hit something. Something hits you but does no damage.
Your plate armour prevents you from hitting the orc warrior.
The orc warrior is almost dead.
The orc warrior hits you with a +0 glaive!
* * * LOW HITPOINT WARNING * * *
You closely miss the orc warrior. Your headbutt misses the orc warrior.
The orc warrior is almost dead.
You hit something. Something hits you.
* * * LOW HITPOINT WARNING * * *
Something hits you.
You die...

....(..#.........# .
................## .###
..........?....### .....
.......#####.....##..###
.......# #####........
.......# ##...#.###
.......# ##..###
####..####.#.#
#.....@.......
#...##..)o...... #..
#.......... #.
#.......... #
#.......... #..........
###########


You could see an orc warrior.

Vanquished Creatures
  Sigmund (D:2)
  A hungry ghost (D:7)
  An ice beast (D:6)
  A black bear (D:6)
  An ogre (D:5)
  4 centaurs
  4 bullfrogs
  A scorpion (D:4)
  3 howler monkeys
  2 crimson imps
  6 orc priests
  A jelly (D:6)
  A centaur skeleton (D:4)
  A human zombie (Ossuary)
  4 orc wizards
  Crazy Yiuf (D:7)
  Jessica (D:3)
  Ijyb (D:4)
  An iguana (D:5)
  6 worker ants
  A killer bee zombie (D:6)
  A hound skeleton (D:7)
  3 mummies (Ossuary)
  A howler monkey zombie (D:6)
  3 gnolls (D:2)
  14 adders
  A shadow imp (D:6)
  An ooze (D:3)
  4 adder zombies (Ossuary)
  5 worms
  2 dart slugs
  5 leopard geckos
  27 orcs
  6 ball pythons
  14 giant cockroaches
  A gnoll zombie (Ossuary)
  A hobgoblin (D:3)
  4 jackals
  2 quokkas
  7 bats
  8 frilled lizards
  A giant cockroach zombie (D:5)
  5 goblins
  A goblin zombie (Ossuary)
  A hobgoblin zombie (Ossuary)
  7 kobolds
  A kobold zombie (Ossuary)
  A leopard gecko skeleton (D:6)
  3 quokka skeletons
  4 quokka zombies (Ossuary)
  9 rats
  5 rat zombies (Ossuary)
  A spectral orc (D:3)
192 creatures vanquished.

Vanquished Creatures (others)
  A gnoll sergeant (D:6)
  An iguana (D:6)
  A gnoll (D:6)
  An orc (D:6)
4 creatures vanquished.

Grand Total: 196 creatures vanquished

Notes
Turn   | Place    | Note
-------+----------+-------------------------------------------
     0 | D:1      | Curus the Minotaur Gladiator began the quest for the Orb.
     0 | D:1      | Reached XP level 1. HP: 18/18 MP: 0/0
   170 | D:1      | Reached skill level 4 in Axes
   255 | D:1      | Reached XP level 2. HP: 25/25 MP: 1/1
   769 | D:1      | Reached skill level 5 in Axes
  1143 | D:2      | Reached XP level 3. HP: 22/30 MP: 2/2
  1307 | D:2      | Reached skill level 6 in Axes
  1307 | D:2      | Reached XP level 4. HP: 23/37 MP: 3/3
  1711 | D:2      | Found a shattered altar of Ashenzari.
  1920 | D:2      | Noticed Jessica
  1921 | D:2      | Noticed Sigmund
  1930 | D:3      | Killed Jessica
  1935 | D:3      | Reached XP level 5. HP: 42/42 MP: 4/4
  1951 | D:3      | Reached skill level 7 in Axes
  2175 | D:3      | Found a basalt altar of Yredelemnul.
  2260 | D:3      | Reached skill level 8 in Axes
  2402 | D:2      | Killed Sigmund
  2402 | D:2      | Reached skill level 9 in Axes
  2402 | D:2      | Reached XP level 6. HP: 45/50 MP: 3/5
  2585 | D:3      | Reached XP level 7. HP: 51/56 MP: 6/6
  2588 | D:3      | Found a burning altar of Makhleb.
  2589 | D:3      | Found a radiant altar of Vehumet.
  3300 | D:4      | Reached skill level 10 in Axes
  3307 | D:4      | Noticed Ijyb
  3316 | D:4      | Paralysed by Ijyb for 7 turns
  3325 | D:4      | Killed Ijyb
  3341 | D:4      | Found a sparkling altar of Nemelex Xobeh.
  3533 | D:4      | Found a shadowy altar of Dithmenos.
  3697 | D:4      | Found a blossoming altar of Fedhas.
  3895 | D:5      | Entered Level 5 of the Dungeon
  3956 | D:5      | Reached skill level 11 in Axes
  4009 | D:5      | Found a glowing golden altar of the Shining One.
  4053 | D:5      | Found a sand-covered staircase.
  4071 | Ossuary  | Entered an ossuary
  4355 | Ossuary  | Reached XP level 8. HP: 62/62 MP: 7/7
  4418 | Ossuary  | Gained mutation: You are weak. (Str -2) [potion of
                  | mutation]
  4418 | Ossuary  | Gained mutation: You have sharp toenails. [potion of
                  | mutation]
  4435 | D:5      | Found a glowing drain.
  4473 | D:5      | Reached skill level 12 in Axes
  4599 | Sewer    | Entered a sewer
  5329 | D:5      | Found a white marble altar of Elyvilon.
  5365 | D:5      | Found Setzog Tiqe's Weapon Emporium.
  5688 | D:3      | Became a worshipper of Makhleb the Destroyer
  5837 | D:6      | Reached skill level 13 in Axes
  5889 | D:6      | Found a shattered altar of Ashenzari.
  6159 | D:6      | Found an opulent altar of Gozag.
  6172 | D:6      | Reached XP level 9. HP: 64/68 MP: 8/8
  6263 | D:6      | Reached skill level 14 in Axes
  6269 | D:6      | Found a shimmering altar of Xom.
  6357 | D:6      | Found a stormy altar of Qazlal.
  6444 | D:7      | Found a staircase to the Ecumenical Temple.
  6564 | D:7      | Reached * piety under Makhleb
  6785 | D:7      | Found an iron altar of Okawaru.
  6840 | D:7      | Found a runed translucent door.
  6841 | D:7      | Noticed Crazy Yiuf
  6981 | D:7      | Killed Crazy Yiuf
  7044 | D:7      | Lost mutation: You are weak. (Str -2) [potion of mutation]
  7044 | D:7      | Lost mutation: You have sharp toenails. [potion of
                  | mutation]
  7044 | D:7      | Gained mutation: Scrolls take you a little longer to read.
                  | [potion of mutation]
  7044 | D:7      | Gained mutation: You are frail. (-10% HP) [potion of
                  | mutation]
  7044 | D:7      | Gained mutation: You possess an exceptional clarity of
                  | mind. [potion of mutation]
  7044 | D:7      | Lost mutation: Scrolls take you a little longer to read.
                  | [potion of mutation]
  7078 | D:8      | Slain by an unseen horror

Skill      XL: |  1  2  3  4  5  6  7  8  9 |
---------------+----------------------------+-----
Axes           | 4 5 6 9 11 13 14 | 14.4
Fighting       | |  2.4
Throwing       | |  2.0
Dodging        | |  3.2

Action                   |  1- 3 |  4- 6 |  7- 9 || total
-------------------------+-------+-------+-------++-------
Melee: War axe           |    81 |   102 |   320 ||   503
       Headbutt          |     9 |    21 |    50 ||    80
       Kick              |       |       |     9 ||     9
  Use: Potion            |     5 |     2 |     4 ||    11
       Scroll            |     3 |     3 |     8 ||    14
  Eat: Chunk             |     1 |     4 |    11 ||    16
       Ration            |       |       |     2 ||     2
Armor: Plate armour      |    61 |    69 |   168 ||   298
Dodge: Dodged            |    30 |    24 |    60 ||   114
Block: Buckler           |       |    12 |    38 ||    50
